 Dungeon Crawl Stone Soup version 0.19-a0-1866-ge6f2195 (webtiles) character file.

210 zxpr0jk the Slasher (level 5, 0/57 HPs)
             Began as a Vampire Gladiator on Oct 12, 2016.
             Slain by an ufetubus (3 damage)
             ... summoned by Eustachio
             ... on level 4 of the Dungeon.
             The game lasted 00:06:16 (2848 turns).

zxpr0jk the Slasher (Vampire Gladiator)             Turns: 2848, Time: 00:06:17

Health: 0/57       AC: 22    Str: 14    XL:     5   Next: 56%
Magic:  5/5        EV:  2    Int: 14    God:
Gold:   134        SH:  0    Dex: 15    Spells: 1 memorised, 1 level left

rFire  . . .     SeeInvis +     a - +0 long sword
rCold  . . .     Gourm    .     (armour currently unavailable)
rNeg   + + +     Faith    .     (no shield)
rPois  +         Spirit   .     (helmet currently unavailable)
rElec  .         Dismiss  .     (cloak currently unavailable)
rCorr  .         Reflect  .     (gloves currently unavailable)
MR     .....     Harm     .     (boots currently unavailable)
Stlth  +......... NoTele   +    o - amulet of rage
                                (no ring)
                                b - +3 ring of intelligence

@: tree-form
A: (fangs 0), see invisible, (unbreathing)
a: Bat Form, Evoke Berserk Rage


You were on level 4 of the Dungeon.
You were not thirsty.
You were a tree.
You visited 1 branch of the dungeon, and saw 4 of its levels.

You collected 134 gold pieces.

Inventory:

Hand Weapons
 a - a +0 long sword (weapon)
Missiles
 n - 6 javelins (quivered)
Armour
 c - a +0 helmet (melded)
 m - a +0 pair of gloves (melded)
 v - a +0 chain mail (melded)
Jewellery
 b - a +3 ring of intelligence (left branch)
 o - an amulet of rage (around neck)
Scrolls
 f - 5 scrolls of remove curse {unknown}
 h - 6 scrolls of identify {unknown}
 j - 2 scrolls of recharging {unknown}
 k - a scroll of immolation {unknown}
 p - 2 scrolls of enchant armour {unknown}
 r - 2 scrolls of fog {unknown}
Potions
 e - 2 potions of blood
 g - a potion of flight {unknown}
 i - a potion of degeneration {unknown}
 l - a potion of invisibility {unknown}
 q - a potion of heal wounds {unknown}
 t - 2 potions of might {unknown}
 w - 2 potions of berserk rage {unknown}
Books
 u - a book of Maledictions

   Spells                             Type                      Level
   a - Corona                         Hexes                        1
   b - Ensorcelled Hibernation        Hexes/Ice                    2
   c - Confuse                        Hexes                        3
   d - Tukima's Dance                 Hexes                        3
   e - Dazzling Spray                 Conjuration/Hexes            3


   Skills:
 - Level 1.7 Fighting
 * Level 5.2 Long Blades
 - Level 1.5 Throwing
 + Level 1.2 Armour
 + Level 4.6 Dodging


You had one spell level left.
You knew the following spells:

 Your Spells              Type           Power        Failure   Level  Hunger
a - Dazzling Spray        Conj/Hex       #.....       83%         3    ####...


Dungeon Overview and Level Annotations

Branches:
Dungeon (4/15)
 Temple: D:4-7

Altars:
Ashenzari
Ru

Annotations:
D:4 Eustachio


Innate Abilities, Weirdness & Mutations

((You have razor-sharp teeth.))
You have supernaturally acute eyesight. (SInv)
((You can survive without breathing.))


Message History

Eustachio struggles against the net.
You turn into a tree.
Your +0 helmet melds into your body.
Your +0 pair of gloves melds into your body.
Your +0 chain mail melds into your body.
Your roots penetrate the ground.
The ufetubus barely misses you.
You riposte.
You barely miss the ufetubus.
The ufetubus hits you but does no damage.
The river rat bites you but does no damage.
The white imp hits you but does no damage.
The river rat bites you but does no damage.
The ufetubus hits you.
* * * LOW HITPOINT WARNING * * *
The ufetubus completely misses you.
You hit Eustachio.
Eustachio is almost dead.
Eustachio casts a spell.
Eustachio blinks!
The river rat bites you but does no damage.
The ufetubus hits you.
You die...

########+####
#....?......#
#...........###
#......§55@...#
#......r♣...#
#.......5r..#
#.......(...#
#...........#
#...........#
#.....<.....#
...>....#.####
#######..#.#
#..#.#


You could see Eustachio, an iron imp, 2 river rats, a white imp and an ufetubus.

Vanquished Creatures
  The ghost of mamga the Destroyer, an amateur TeCj of Vehumet (D:3)
  3 adders
  2 worms
  A dart slug (D:1)
  2 leopard geckos
  10 orcs (D:3)
  7 bats
  A giant cockroach (D:2)
  8 goblins
  5 hobgoblins
  5 kobolds
  A quokka (D:3)
  A ball python (D:3)
  2 frilled lizards (D:1)
  9 rats
58 creatures vanquished.

Notes
Turn   | Place    | Note
-------+----------+-------------------------------------------
     0 | D:1      | zxpr0jk the Vampire Gladiator began the quest for the Orb.
     0 | D:1      | Reached XP level 1. HP: 16/16 MP: 1/1
   128 | D:1      | Reached XP level 2. HP: 21/22 MP: 2/2
   292 | D:1      | Found a shattered altar of Ashenzari.
   624 | D:2      | Reached XP level 3. HP: 19/27 MP: 3/3
   693 | D:2      | Found a sacrificial altar of Ru.
  1023 | D:2      | Reached skill level 4 in Long Blades
  1361 | D:3      | Reached XP level 4. HP: 28/33 MP: 4/4
  1496 | D:3      | Noticed mamga's ghost (amateur TeCj)
  1893 | D:3      | Killed mamga's ghost
  1893 | D:3      | Reached skill level 5 in Long Blades
  1893 | D:3      | Reached skill level 1 in Armour
  1893 | D:3      | Reached XP level 5. HP: 26/38 MP: 5/5
  2215 | D:3      | Learned a level 3 spell: Dazzling Spray
  2809 | D:4      | Noticed Eustachio
  2848 | D:4      | Slain by an ufetubus

Vault maps used:
D:1:      dpeg_arrival_prison, nicolae_ashenzari_panopticon
D:2:      lemuel_coloured_pillars_altar
D:3:      serial_co_window_serial, co_window_corner_a, co_window_cross_1,
          co_window_corner_a, co_window_corner_a, co_window_corner_a,
          co_window_corner_cb, co_window_2corner, co_window_broadway_b,
          glass_columns_a, glass_columns_c, glass_columns_b,
          hangedman_decor_points
D:4:      first_bread, serial_shops, nicolae_shop_stone, dk_noncrumbling_4,
          uniq_sigmund, uniq_crazy_yiuf_cottage, uniq_eustachio

Skill      XL: |  1  2  3  4 |
---------------+-------------+-----
Dodging        | 4 |  4.6
Long Blades    | 4 5 |  5.2
Armour         | 1 |  1.2
Fighting       | |  1.7
Throwing       | |  1.5

Action                   |  1- 3 |  4- 6 || total
-------------------------+-------+-------++-------
Melee: Long sword        |   107 |   104 ||   211
       Bite              |    10 |    12 ||    22
Throw: Throwing net      |       |     5 ||     5
 Abil: Evoke Berserk Rag |       |     1 ||     1
  Use: Potion            |       |     5 ||     5
 Stab: Held in net/web   |       |     1 ||     1
  Eat: Corpse            |       |     6 ||     6
Armor: Leather armour    |    40 |     1 ||    41
       Chain mail        |       |   115 ||   115
       Skin              |       |    14 ||    14
Dodge: Dodged            |    92 |    74 ||   166
       Rpst.: Long sword |    18 |    23 ||    41
